 Dungeon Crawl Stone Soup version 0.31-a0-486-g8d68a81214 (webtiles) character file.

Game seed: 4471286576555354628

1386 bmack86 the Cleaver (level 8, 0/64 HPs)
             Began as a Minotaur Fighter on Aug 8, 2023.
             Was an Initiate of Okawaru.
             Slain by a gnoll
             ... wielding a +0 spear
             ... led by a gnoll bouda
              (2 damage)
             ... on level 6 of the Dungeon.
             The game lasted 00:12:10 (3911 turns).

bmack86 the Cleaver (Minotaur Fighter)              Turns: 3911, Time: 00:12:11

Health: 0/64       AC: 11    Str: 24    XL:     8   Next: 40%
Magic:  9/9        EV:  6    Int:  5    God:    Okawaru [......]
Gold:   288        SH:  4    Dex:  9    Spells: 7/7 levels left

rFire   . . .        a - +0 war axe
rCold   . . .        c - +0 buckler
rNeg    . . .        p - +0 plate armour
rPois   .            (helmet restricted)
rElec   .            (no cloak)
rCorr   .            (no gloves)
SInv    .            (no boots)
Will    .....        (no amulet) Stlth
                     (no ring)
HPRegen 0.30/turn    (no ring)
MPRegen 0.11/turn

%: no passive effects
@: no status effects
A: horns 2, retaliatory headbutt
a: Renounce Religion


You were on level 6 of the Dungeon.
You worshipped Okawaru.
Okawaru was noncommittal.
You visited 2 branches of the dungeon, and saw 7 of its levels.

You collected 288 gold pieces.

Inventory:

Hand Weapons
 a - a +0 war axe (weapon)
Armour
 b - a +0 scale mail
 c - a +0 buckler (worn)
 p - a +0 plate armour (worn)
Jewellery
 u - a ring of positive energy
Wands
 s - a wand of charming (11)
 t - a wand of flame (14) (quivered)
Scrolls
 e - a scroll of fog {unknown}
 f - a scroll of teleportation {unknown}
 h - a scroll of revelation {unknown}
 m - a scroll of poison {unknown}
 n - a scroll of amnesia {unknown}
 o - a scroll of noise {unknown}
 r - a scroll of blinking {unknown}
 v - a scroll of enchant armour {unknown}
Potions
 d - a potion of might
 g - a potion of curing
 i - 2 potions of cancellation
 j - a potion of ambrosia
 k - a potion of attraction {unknown}
 l - a potion of brilliance
 q - a potion of mutation {unknown}


   Skills:
 - Level 3.6 Fighting
 + Level 12.0 Axes
 - Level 3.6 Armour
 - Level 3.6 Shields
 + Level 2.7 Invocations


You had 7 spell levels left.
You didn't know any spells.
Your spell library contained the following spells:

 Spells                   Type           Power      Damage    Failure   Level
 Cigotuvi's Dreadful Rot  Necr/Pois/Air  0%         N/A       100%        2
 Dazzling Flash           Conj/Hex       0%         N/A       100%        3
 Ignite Poison            Fire/Tmut/Pois 0%         N/A       100%        3
 Volatile Blastmotes      Fire/Tloc      0%         2d10      100%        3
 Freezing Cloud           Conj/Ice/Air   0%         6-21      100%        5
 Starburst                Conj/Fire      0%         6d3       100%        6
 Maxwell's Capacitive Co  Air            0%         ∞         100%        8


Dungeon Overview and Level Annotations

Branches:
Dungeon (6/15)             Temple (1/1) D:5

Altars:
Dithmenos
Elyvilon
Fedhas
Hepliaklqana
Kikubaaqudgha
Nemelex Xobeh
Okawaru
Qazlal
Sif Muna
Uskayaw
Wu Jian
Yredelemnul
Zin
The Shining One

Shops:
D:1 =


Innate Abilities, Weirdness & Mutations

You have a pair of horns on your head.
You reflexively headbutt those who attack you in melee.


Message History

The centaur unwields a +0 shortbow.
The centaur hits you. The centaur kicks you. The gnoll closely misses you.
The gnoll hits you but does no damage.
The gnoll bouda hits you but does no damage.
The centaur wields a +0 shortbow.
The centaur shoots an arrow.
You block the arrow. The gnoll barely misses you.
You closely miss the gnoll. You hit the gnoll but do no damage.
You hit the gnoll bouda but do no damage.
The centaur shoots an arrow.
The arrow barely misses you.
The arrow hits the gnoll.
The gnoll hits you but does no damage. You block the gnoll's attack.
The gnoll bouda hits you with a +0 whip.
The gnoll hits you but does no damage.
The centaur shoots an arrow.
The arrow hits you.
You hit the gnoll. Your headbutt misses the gnoll.
The gnoll is severely wounded.
You hit the gnoll bouda but do no damage.
You completely miss the gnoll. You block the gnoll's attack.
The gnoll hits you with a +0 spear.
The gnoll hits you from afar with a +0 halberd.
The gnoll bouda calls upon its god to heal the gnoll.
The gnoll is healed somewhat.
The centaur shoots an arrow.
The arrow hits you. The gnoll hits you with a +0 spear.
* * * LOW HITPOINT WARNING * * *
You hit the gnoll bouda but do no damage.
You hit the gnoll. You slash the gnoll!
The centaur shoots an arrow.
The arrow hits you!
* * * LOW HITPOINT WARNING * * *
The gnoll hits you from afar with a +0 spear.
* * * LOW HITPOINT WARNING * * *
You block the gnoll's attack. The gnoll barely misses you.
The gnoll bouda hits you but does no damage.
The gnoll hits you but does no damage.
You slash the gnoll bouda! Your headbutt misses the gnoll bouda.
The gnoll bouda is heavily wounded.
You hit the gnoll. You hit the gnoll but do no damage.
The centaur shoots an arrow.
The arrow hits you!
* * * LOW HITPOINT WARNING * * *
The gnoll hits you but does no damage. The gnoll hits you with a +0 spear.
You die...

..##.#.. #.#....#
#......#####
#...........
........^# #......
####gc# # #
#(....#.#.###
#.######.###@gh.....
#.......#...ggg.....
#..#...<)###........
#..#.....# #........
#.....)..# #........
##.#..)†.# #........
# #.....# #........
#...### #.#####..
#)###


You could see a centaur, a gnoll bouda, a hound and 4 gnolls.

Vanquished Creatures
  Grinder (D:3)
  Sigmund (D:4)
  Menkaure (D:5)
  A black bear (D:4)
  A centaur (D:6)
  3 scorpions
  2 howler monkeys
  A jelly (D:5)
  3 orc priests (D:5)
  A hound (D:5)
  A sleepcap (D:4)
  Ijyb (D:4)
  3 iguanas (D:5)
  An orc wizard (D:5)
  Robin (D:4)
  A gnoll (D:6)
  6 adders
  An ufetubus (D:5)
  2 worms
  A dart slug (D:5)
  9 orcs
  6 ball pythons
  5 bats
  6 endoplasms
  A giant cockroach (D:1)
  12 goblins
  8 hobgoblins
  3 jackals (D:1)
  4 kobolds
  6 quokkas
  5 frilled lizards
  7 rats
105 creatures vanquished.

Notes
Turn   | Place    | Note
-------+----------+-------------------------------------------
     0 | D:1      | bmack86 the Minotaur Fighter began the quest for the Orb.
     0 | D:1      | Reached XP level 1. HP: 19/19 MP: 0/0
   122 | D:1      | Reached skill level 3 in Axes
   205 | D:1      | Reached XP level 2. HP: 11/26 MP: 1/1
   459 | D:1      | Found a faded altar of an unknown god.
   691 | D:1      | Found Uvesowuamp's Jewellery Emporium.
   714 | D:1      | Reached skill level 4 in Axes
   896 | D:2      | Reached XP level 3. HP: 28/31 MP: 2/2
  1053 | D:2      | You fall into a shaft and drop 2 floors!
  1060 | D:4      | Noticed a black bear
  1169 | D:2      | Reached skill level 5 in Axes
  1320 | D:2      | Reached XP level 4. HP: 38/39 MP: 3/3
  1939 | D:3      | Noticed Grinder
  1952 | D:3      | Paralysed by Grinder for 4 turns
  1958 | D:3      | Killed Grinder
  1959 | D:3      | Reached skill level 7 in Axes
  1959 | D:3      | Reached XP level 5. HP: 18/45 MP: 4/4
  1959 | D:3      | Reached XP level 6. HP: 21/51 MP: 5/5
  2341 | D:4      | Found a shadowy altar of Dithmenos.
  2360 | D:4      | Noticed Ijyb
  2390 | D:4      | Killed Ijyb
  2391 | D:4      | Reached skill level 8 in Axes
  2558 | D:4      | Identified the +1 helmet of Privacy {rF+}
  2558 | D:4      | Noticed Robin
  2578 | D:4      | Killed Robin
  2684 | D:4      | Reached skill level 9 in Axes
  2684 | D:4      | Reached XP level 7. HP: 47/57 MP: 6/6
  2842 | D:4      | Noticed Sigmund
  2849 | D:4      | Killed Sigmund
  2850 | D:4      | Reached skill level 10 in Axes
  3231 | D:5      | Entered Level 5 of the Dungeon
  3303 | D:5      | Noticed Menkaure
  3309 | D:5      | Killed Menkaure
  3310 | D:5      | Reached skill level 11 in Axes
  3310 | D:5      | Reached XP level 8. HP: 63/64 MP: 7/7
  3350 | D:5      | Found a staircase to the Ecumenical Temple.
  3356 | Temple   | Entered the Ecumenical Temple
  3374 | Temple   | Became a worshipper of Warmaster Okawaru
  3546 | D:5      | Reached skill level 1 in Invocations
  3884 | D:6      | Reached skill level 12 in Axes
  3911 | D:6      | HP: 2/64 [centaur/arrow (8)]
  3911 | D:6      | Slain by a gnoll

Illustrated notes

Levels and vault maps discovered:
D:1:      saegor_arrival_simple_b, layout_loops_ring, serial_shops, shop,
          shapermc_ecumenical_altar_mp_ritualfount
D:2:      layout_loops_cross
D:3:      layout_loops_ring, chequers_serial_rivers_micro_c,
          kennysheep_big_empty_room, kennysheep_pointless_box, uniq_grinder
D:4:      layout_loops_ring, nicolae_dithmenos_through_a_glass_darkly,
          uniq_sigmund, uniq_ijyb, uniq_robin
D:5:      layout_rooms, minmay_temple_entry_proselytizer, uniq_menkaure
D:6:      layout_loops_ring, grunt_temple_overflow_champion_of_chaos,
          nicolae_overflow_hidden_temple
Temple:   dshaligram_water_room_temple

Skill      XL: |  1  2  3  4  5  6  7  8 |
---------------+-------------------------+-----
Axes           | 3 4 5 7 9 11 12 | 12.0
Invocations    | 2 |  2.7
Fighting       | |  3.6
Armour         | |  3.6
Shields        | |  3.6

Action                     |  1- 3 |  4- 6 |  7- 9 || total
---------------------------+-------+-------+-------++-------
  Melee: War axe           |    86 |    94 |    81 ||   261
         Headbutt          |    10 |    13 |    14 ||    37
  Evoke: Wand              |       |       |     3 ||     3
    Use: Potion            |       |     1 |       ||     1
         Scroll            |       |       |     4 ||     4
 Armour: Scale mail        |    31 |     8 |       ||    39
         Plate armour      |       |    47 |    55 ||   102
  Dodge: Dodged            |    51 |    36 |    30 ||   117
  Block: Buckler           |    16 |    18 |    22 ||    56

Table legend: (Time is in decaauts)
 A = Elapsed time spent in this place.
 B = Non-inter-level travel time spent in this place.
 C = Inter-level travel time spent in this place.
 D = Time resting spent in this place.
 E = Time spent auto-exploring this place.
 F = Levels seen in this place.
 G = Mean time per level.
                   A        B        C        D        E       F      G
               +--------+--------+--------+--------+--------+-----+--------+
         Total |   3956 |   3800 |    156 |      0 |   2710 |   7 |  565.1 |
       Dungeon |   3923 |   3767 |    156 |      0 |   2710 |   6 |  653.8 |
        Temple |     32 |     32 |      0 |      0 |      0 |   1 |   32.0 |
               +--------+--------+--------+--------+--------+-----+--------+

Top non-repeatable levels by time:
     D:4: 974 daAuts
     D:1: 880 daAuts
     D:3: 777 daAuts
     D:2: 646 daAuts
     D:5: 596 daAuts
     D:6: 48 daAuts
  Temple: 32 daAuts
